PCL
LANSING LUGNUTS @ SAN JOSE MISSIONS
08/26/2024
 
TOP OF THE 1ST
Lansing Lugnuts batting - Pitching for San Jose Missions : RHP Bob Cunningham
Pitching: RHP Bob Cunningham
Batting: RHB Michael Woodruff 0-0: Ball
1-0: Fly out, F9 (Popup, 9S)
Batting: LHB Iván Salas 0-0: SINGLE (Groundball, 23) (infield hit)
Batting: RHB Júlio Caraballo 0-0: Swinging Strike
0-1: Ball
1-1: SINGLE (Flyball, 8LS)
Iván Salas to second
Batting: LHB Ricardo Romero 0-0: Called Strike
0-1: Ball
1-1: Ball
2-1: Swinging Strike
2-2: Ball
3-2: Base on Balls
Iván Salas to third
Júlio Caraballo to second
Batting: LHB Francisco Marino 0-0: Fly out, F7 (Flyball, 7LM)
Batting: RHB Jeff Packard 0-0: Called Strike
0-1: Ball
1-1: DOUBLE (Line Drive, 9LS)
Iván Salas scores
Júlio Caraballo scores
Ricardo Romero to third
Runner from 3rd tries for Home, SAFE, no throw or cutoff
Batting: RHB Phil Matthews 0-0: Foul Ball, location: 2F
0-1: Ball
1-1: Fly out, F8 (Flyball, 8LD)
Top of the 1st over - 3 run(s), 3 hit(s), 0 error(s), 1 left on base; Lansing 3 - San Jose 0
BOTTOM OF THE 1ST
San Jose Missions batting - Pitching for Lansing Lugnuts : RHP Clint John
Pitching: RHP Clint John
Batting: RHB Luis Antonio Rosas 0-0: Ball
1-0: Fly out, F8 (Flyball, 8RM)
Batting: RHB Madidou El Sayed 0-0: Swinging Strike
0-1: Foul Ball, location: 2F
0-2: Strikes out swinging
Batting: LHB Miguel Montés 0-0: TRIPLE (Line Drive, 9LS)
Batting: RHB Armando López 0-0: Called Strike
0-1: Called Strike
0-2: Foul Ball, location: 2F
0-2: SINGLE (Line Drive, 34)
Miguel Montés scores
Batting: LHB John Foster 0-0: Called Strike
0-1: Foul Ball, location: 2F
0-2: SINGLE (Groundball, 4MD) (infield hit)
Armando López to second
Batting: RHB Javier Ramírez 0-0: Ball
1-0: Ball
2-0: Ball
3-0: Called Strike
3-1: Fly out, F8 (Flyball, 89M)
Bottom of the 1st over - 1 run(s), 3 hit(s), 0 error(s), 2 left on base; Lansing 3 - San Jose 1
TOP OF THE 2ND
Lansing Lugnuts batting - Pitching for San Jose Missions : RHP Bob Cunningham
Batting: RHB Sadao Kimura 0-0: Called Strike
0-1: SINGLE (Groundball, 56D)
Batting: RHB Matt Silver 0-0: Called Strike
0-1: Fly out, F7 (Line Drive, 7D)
Batting: RHB Michael Woodruff 0-0: Foul Ball, location: 2F
0-1: DOUBLE (Flyball, 8LXD)
Sadao Kimura to third
Runner from 3rd tries for Home, SAFE, no throw or cutoff
Batting: LHB Iván Salas 0-0: Called Strike
0-1: Ball
1-1: Ball
2-1: Ball
3-1: Base on Balls
Batting: RHB Júlio Caraballo 0-0: Ball
1-0: Called Strike
1-1: Called Strike
1-2: Ball
2-2: Ball
3-2: SINGLE (Groundball, 6MD)
Michael Woodruff to third
Iván Salas to second
Runner from 3rd tries for Home, throw and OUT!
Batting: LHB Ricardo Romero 0-0: Ball
1-0: Called Strike
1-1: Ball
2-1: Ball
3-1: Foul Ball, location: 2F
3-2: Foul Ball, location: 2F
3-2: Strikes out swinging
Top of the 2nd over - 1 run(s), 3 hit(s), 0 error(s), 2 left on base; Lansing 4 - San Jose 1
BOTTOM OF THE 2ND
San Jose Missions batting - Pitching for Lansing Lugnuts : RHP Clint John
Now at C: Alberto Medine
Batting: RHB Artie Green 0-0: Bunted foul
0-1: Ground out 4-3 (Groundball, 4M)
Batting: RHB Bobby Brewster 0-0: Ball
1-0: Fly out, F9 (Flyball, 9S)
Batting: RHB Elliott Rucker 0-0: Called Strike
0-1: Ground out 3-1 (Groundball, 34)
Bottom of the 2nd over - 0 run(s), 0 hit(s), 0 error(s), 0 left on base; Lansing 4 - San Jose 1
TOP OF THE 3RD
Lansing Lugnuts batting - Pitching for San Jose Missions : RHP Bob Cunningham
Batting: LHB Francisco Marino 0-0: Foul Ball, location: 2F
0-1: Ball
1-1: Foul Ball, location: 2F
1-2: Ball
2-2: Ground out 6-3 (Groundball, 6)
Batting: RHB Jeff Packard 0-0: Ball
1-0: Ball
2-0: Called Strike
2-1: Ball
3-1: Reached on error, E6 (Groundball, 6)
Batting: RHB Phil Matthews 0-0: Ball
1-0: Ball
2-0: Grounds into double play, 6-4-3 (Groundball, 56)
Top of the 3rd over - 0 run(s), 0 hit(s), 1 error(s), 0 left on base; Lansing 4 - San Jose 1
BOTTOM OF THE 3RD
San Jose Missions batting - Pitching for Lansing Lugnuts : RHP Clint John
Batting: RHB Luis Antonio Rosas 0-0: Swinging Strike
0-1: Fly out, F8 (Flyball, 8LS)
Batting: RHB Madidou El Sayed 0-0: Ball
1-0: Ground out 4-3 (Groundball, 4M)
Batting: LHB Miguel Montés 0-0: SINGLE (Line Drive, 4)
Batting: RHB Armando López 0-0: Ball
1-0: Ball
2-0: Called Strike
2-1: Called Strike
2-2: Ball
3-2: Strikes out swinging
Bottom of the 3rd over - 0 run(s), 1 hit(s), 0 error(s), 1 left on base; Lansing 4 - San Jose 1
TOP OF THE 4TH
Lansing Lugnuts batting - Pitching for San Jose Missions : RHP Bob Cunningham
Batting: RHB Sadao Kimura 0-0: Ball
1-0: Ground out 4-3 (Groundball, 4M)
Batting: RHB Matt Silver 0-0: Called Strike
0-1: Fly out, F5 (Line Drive, 5)
Batting: LHB Alberto Medine 0-0: Called Strike
0-1: Ball
1-1: Ball
2-1: Swinging Strike
2-2: SINGLE (Groundball, 6M)
Batting: LHB Iván Salas 0-0: Ball
1-0: Ball
2-0: Ball
3-0: Called Strike
3-1: Base on Balls
Alberto Medine to second
Batting: RHB Júlio Caraballo 0-0: Ball
1-0: Ball
2-0: Ball
3-0: Base on Balls
Alberto Medine to third
Iván Salas to second
Pitching: RHP Larry West
Batting: LHB Ricardo Romero 0-0: Ball
1-0: Called Strike
1-1: Foul Ball, location: 2F
1-2: Foul Ball, location: 2F
1-2: Fielders Choice at 2nd, U6 (Groundball, 6M)
Top of the 4th over - 0 run(s), 1 hit(s), 0 error(s), 3 left on base; Lansing 4 - San Jose 1
BOTTOM OF THE 4TH
San Jose Missions batting - Pitching for Lansing Lugnuts : RHP Clint John
Batting: LHB John Foster 0-0: SOLO HOME RUN (Flyball, 89XD), Distance : 415 ft
Batting: RHB Javier Ramírez 0-0: Called Strike
0-1: Fly out, F8 (Flyball, 8RM)
Batting: RHB Artie Green 0-0: Called Strike
0-1: Ground out 6-3 (Groundball, 6M)
Batting: RHB Bobby Brewster 0-0: Ball
1-0: SINGLE (Groundball, 34D)
Batting: RHB Elliott Rucker 0-0: Called Strike
Bobby Brewster steals 2nd base
0-1: Swinging Strike
0-2: Strikes out swinging
Bottom of the 4th over - 1 run(s), 2 hit(s), 0 error(s), 1 left on base; Lansing 4 - San Jose 2
TOP OF THE 5TH
Lansing Lugnuts batting - Pitching for San Jose Missions : RHP Larry West
Batting: LHB Francisco Marino 0-0: Foul Ball, location: 2F
0-1: Ball
1-1: Foul Ball, location: 2F
1-2: Ball
2-2: Strikes out swinging
Batting: RHB Jeff Packard 0-0: Swinging Strike
0-1: Ball
1-1: Ball
2-1: Fly out, F4 (Popup, 34D)
Batting: RHB Phil Matthews 0-0: Foul Ball, location: 2F
0-1: Called Strike
0-2: Ball
1-2: Foul Ball, location: 2F
1-2: Ball
2-2: Ball
3-2: SINGLE (Line Drive, 6)
Batting: RHB Sadao Kimura 0-0: Called Strike
0-1: Called Strike
0-2: Ball
1-2: Ball
2-2: Ball
3-2: Strikes out swinging
Top of the 5th over - 0 run(s), 1 hit(s), 0 error(s), 1 left on base; Lansing 4 - San Jose 2
BOTTOM OF THE 5TH
San Jose Missions batting - Pitching for Lansing Lugnuts : RHP Clint John
Batting: RHB Luis Antonio Rosas 0-0: Ground out 6-3 (Groundball, 6)
Batting: RHB Madidou El Sayed 0-0: Foul Ball, location: 2F
0-1: Called Strike
0-2: Strikes out swinging
Batting: LHB Miguel Montés 0-0: Called Strike
0-1: Ball
1-1: Fly out, F8 (Flyball, 8RM)
Bottom of the 5th over - 0 run(s), 0 hit(s), 0 error(s), 0 left on base; Lansing 4 - San Jose 2
TOP OF THE 6TH
Lansing Lugnuts batting - Pitching for San Jose Missions : RHP Larry West
Batting: RHB Matt Silver 0-0: DOUBLE (Flyball, 8LXD)
Pitching: LHP Robert Flannery
Batting: LHB Alberto Medine 0-0: Called Strike
0-1: Foul Ball, location: 2F
0-2: Foul Ball, location: 2F
0-2: Ball
1-2: Foul Ball, location: 2F
1-2: Ball
2-2: Ball
3-2: Base on Balls
Batting: LHB Iván Salas 0-0: SINGLE (Line Drive, 34D)
Matt Silver to third
Alberto Medine to second
Batting: RHB Júlio Caraballo 0-0: Foul Ball, location: 2F
0-1: Ball
1-1: Ball
2-1: SINGLE (Groundball, 56D)
Matt Silver scores
Alberto Medine to third
Iván Salas to second
Batting: LHB Ricardo Romero 0-0: Called Strike
0-1: DOUBLE (Line Drive, 89M)
Alberto Medine scores
Iván Salas scores
Júlio Caraballo to third
Batting: LHB Francisco Marino 0-0: 3-RUN HOME RUN (Flyball, 8RXD), Distance : 440 ft
Pitching: RHP Jeff Campbell
Batting: RHB Jeff Packard 0-0: SINGLE (Line Drive, 34D)
Batting: RHB Phil Matthews 0-0: Ball
1-0: Called Strike
1-1: Grounds into double play, 6-4-3 (Groundball, 6)
Batting: RHB Sadao Kimura 0-0: Called Strike
0-1: Ball
1-1: Swinging Strike
1-2: Ball
2-2: Strikes out swinging
Top of the 6th over - 6 run(s), 6 hit(s), 0 error(s), 0 left on base; Lansing 10 - San Jose 2
BOTTOM OF THE 6TH
San Jose Missions batting - Pitching for Lansing Lugnuts : RHP Clint John
Batting: RHB Armando López 0-0: Ground out 5-3 (Groundball, 56)
Batting: LHB John Foster 0-0: Called Strike
0-1: Ball
1-1: Fly out, F7 (Flyball, 78S)
Batting: RHB Javier Ramírez 0-0: Ball
1-0: Ball
2-0: Called Strike
2-1: Ground out 5-3 (Groundball, 56S)
Bottom of the 6th over - 0 run(s), 0 hit(s), 0 error(s), 0 left on base; Lansing 10 - San Jose 2
TOP OF THE 7TH
Lansing Lugnuts batting - Pitching for San Jose Missions : RHP Jeff Campbell
Batting: RHB Matt Silver 0-0: Called Strike
0-1: Ball
1-1: SINGLE (Line Drive, 8RS)
Batting: LHB Alberto Medine 0-0: Called Strike
0-1: Ball
1-1: Fly out, F8 (Flyball, 78XD)
Batting: LHB Iván Salas 0-0: Ball
1-0: Foul Ball, location: 2F
1-1: Ball
2-1: Ball
3-1: Ground out 3-1 (Groundball, 34)
Matt Silver to second
Batting: RHB Júlio Caraballo 0-0: Foul Ball, location: 2F
0-1: Called Strike
0-2: SINGLE (Groundball, 34D)
Matt Silver to third
Runner from 3rd tries for Home, throw and OUT!
Top of the 7th over - 0 run(s), 2 hit(s), 0 error(s), 1 left on base; Lansing 10 - San Jose 2
BOTTOM OF THE 7TH
San Jose Missions batting - Pitching for Lansing Lugnuts : RHP Clint John
Batting: RHB Artie Green 0-0: Ball
1-0: Swinging Strike
1-1: Ball
2-1: SINGLE (Groundball, 25) (infield hit)
Batting: RHB Bobby Brewster 0-0: Ball
1-0: Ball
2-0: Foul Ball, location: 2F
2-1: Called Strike
2-2: Ball
3-2: Strikes out swinging
Batting: RHB Elliott Rucker 0-0: Swinging Strike
0-1: Ball
1-1: Fly out, F9 (Flyball, 9M)
Batting: RHB Luis Antonio Rosas 0-0: Ball
1-0: Ball
2-0: Foul Ball, location: 2F
2-1: Ball
3-1: Fly out, F8 (Flyball, 8LM)
Bottom of the 7th over - 0 run(s), 1 hit(s), 0 error(s), 1 left on base; Lansing 10 - San Jose 2
TOP OF THE 8TH
Lansing Lugnuts batting - Pitching for San Jose Missions : RHP Jeff Campbell
Pitching: RHP Gabriel Moore
Batting: LHB Ricardo Romero 0-0: Fly out, F7 (Flyball, 7LM)
Batting: LHB Francisco Marino 0-0: Fly out, F9 (Flyball, 9M)
Batting: RHB Jeff Packard 0-0: Called Strike
0-1: Ground out 4-3 (Groundball, 4M)
Top of the 8th over - 0 run(s), 0 hit(s), 0 error(s), 0 left on base; Lansing 10 - San Jose 2
BOTTOM OF THE 8TH
San Jose Missions batting - Pitching for Lansing Lugnuts : RHP Clint John
Now in RF: Héctor Rentería
Batting: RHB Madidou El Sayed 0-0: Called Strike
0-1: Ball
1-1: Ball
2-1: Ball
3-1: Swinging Strike
3-2: Strikes out looking
Batting: LHB Miguel Montés 0-0: Fly out, F8 (Flyball, 8LD)
Batting: RHB Armando López 0-0: Called Strike
0-1: Ball
1-1: Swinging Strike
1-2: Ball
2-2: Fly out, F5 (Popup, 5S)
Bottom of the 8th over - 0 run(s), 0 hit(s), 0 error(s), 0 left on base; Lansing 10 - San Jose 2
TOP OF THE 9TH
Lansing Lugnuts batting - Pitching for San Jose Missions : RHP Gabriel Moore
Batting: RHB Phil Matthews 0-0: Ball
1-0: Fly out, F7 (Flyball, 78M)
Batting: RHB Sadao Kimura 0-0: Swinging Strike
0-1: Called Strike
0-2: Ball
1-2: Ball
2-2: Ground out 6-3 (Groundball, 6)
Batting: RHB Matt Silver 0-0: Ball
1-0: Called Strike
1-1: SINGLE (Groundball, 6MD)
Batting: LHB Alberto Medine 0-0: Called Strike
0-1: SINGLE (Flyball, 8RS)
Matt Silver to second
Batting: LHB Iván Salas 0-0: Ball
1-0: SINGLE (Groundball, 6MD)
Matt Silver to third
Alberto Medine to second
Runner from 3rd tries for Home, SAFE, no throw or cutoff
Batting: RHB Júlio Caraballo 0-0: SINGLE (Line Drive, 3)
Alberto Medine to third
Iván Salas to second
Runner from 3rd tries for Home, throw and OUT!
Top of the 9th over - 1 run(s), 4 hit(s), 0 error(s), 2 left on base; Lansing 11 - San Jose 2
BOTTOM OF THE 9TH
San Jose Missions batting - Pitching for Lansing Lugnuts : RHP Clint John
Batting: LHB John Foster 0-0: Ball
1-0: Called Strike
1-1: DOUBLE (Line Drive, 89S)
Batting: RHB Javier Ramírez 0-0: Ball
1-0: Ground out 4-3 (Groundball, 4)
John Foster to third
Batting: RHB Artie Green 0-0: Foul Ball, location: 2F
0-1: Called Strike
0-2: Fly out, F9 (Line Drive, 89M)
Batting: RHB Bobby Brewster 0-0: Called Strike
0-1: Ball
1-1: Fly out, F7 (Flyball, 7M)
Bottom of the 9th over - 0 run(s), 1 hit(s), 0 error(s), 1 left on base; Lansing 11 - San Jose 2
This league is powered by Out of the Park Baseball, the baseball management simulation game for PC, Mac and Linux
Saturday, April 9th, 2016 - OOTP Baseball 16.8 Build 38